 Dungeon Crawl Stone Soup version 0.31-a0-369-g8eba5f6939 (webtiles) character file.

Game seed: 4287784952437301437

21342 pokeman the Eclecticist (level 12, -7/68 HPs)
             Began as a Deep Elf Hedge Wizard on July 28, 2023.
             Was an Elder of Vehumet.
             Killed from afar by an acid dragon (17 damage)
             ... with a splash of acid
             ... on level 13 of the Dungeon on July 29, 2023.
             The game lasted 00:35:32 (17059 turns).

pokeman the Eclecticist (Deep Elf Hedge Wizard)    Turns: 17059, Time: 00:35:33

Health: -7/68      AC: 10    Str:  7    XL:     12   Next: 53%
Magic:  27/36      EV: 13    Int: 25    God:    Vehumet [****..]
Gold:   904        SH:  0    Dex: 16    Spells: 31/47 levels left

rFire   + . .        Q - +2 hand axe (venom)
rCold   + . .        (no shield)
rNeg    . . .        n - +2 leather armour {rC+}
rPois   +            t - +0 helmet
rElec   .            q - +0 cloak
rCorr   .            h - +1 pair of gloves
SInv    .            (no boots)
Will    +....        (no amulet)
Stlth   ++           y - ring of flight
HPRegen 0.31/turn    T - ring of the Jester {rPois rF+ Dex+2}
MPRegen 0.25/turn

%: no passive effects
@: on berserk cooldown, flying, slowed, very slow
A: no striking features
a: Renounce Religion


You were on level 13 of the Dungeon.
You worshipped Vehumet.
Vehumet was greatly pleased with you.
You visited 2 branches of the dungeon, and saw 14 of its levels.
You also visited: Ossuary.

You collected 937 gold pieces.
You spent 33 gold pieces at shops.

Inventory:

Hand Weapons
 M - a +1 whip of electrocution
 Q - a +2 hand axe of venom (weapon)
Missiles
 e - 4 throwing nets
 j - 3 curare-tipped darts
Armour
 h - a +1 pair of gloves (worn)
 n - a +2 leather armour of cold resistance (worn)
 q - a +0 cloak (worn)
 s - a +2 leather armour of fire resistance
 t - a +0 helmet (worn)
 x - the orb of Ciuff {guile, rPois Str+2}
   (You found it on level 5 of the Dungeon)

   Str:       It affects your strength (+2).
   rPois:     It protects you from poison.
Jewellery
 y - a ring of flight (left hand)
 T - the ring of the Jester (right hand) {rPois rF+ Dex+2}
   (You found it on level 12 of the Dungeon)

   [ring of poison resistance]

   Dex:       It affects your dexterity (+2).
   rF:        It protects you from fire.
   rPois:     It protects you from poison.
Wands
 c - a wand of flame (42)
 L - a wand of iceblast (18)
 R - a wand of paralysis (7)
Scrolls
 a - a scroll of brand weapon {unknown}
 b - 9 scrolls of identify {unknown}
 i - 2 scrolls of blinking {unknown}
 k - a scroll of silence {unknown}
 p - 3 scrolls of fog {unknown}
 r - 3 scrolls of enchant weapon {unknown}
 B - a scroll of noise {unknown}
 D - a scroll of revelation {unknown}
 E - a scroll of immolation {unknown}
 F - a scroll of enchant armour {unknown}
 G - 4 scrolls of teleportation {unknown}
 H - 2 scrolls of torment {unknown}
 I - a scroll of butterflies {unknown}
 J - 2 scrolls of fear {unknown}
 N - 2 scrolls of vulnerability {unknown}
 P - a scroll of poison {unknown}
Potions
 d - 3 potions of magic
 f - 6 potions of attraction {unknown}
 g - 5 potions of enlightenment {unknown}
 l - 7 potions of heal wounds {unknown}
 m - 4 potions of degeneration {unknown}
 o - 6 potions of lignification {unknown}
 u - 2 potions of invisibility {unknown}
 v - a potion of might {unknown}
 w - 3 potions of resistance {unknown}
 z - a potion of haste {unknown}
 A - 5 potions of curing
 C - a potion of berserk rage {unknown}
 K - 2 potions of cancellation {unknown}
 O - 3 potions of mutation {unknown}
 S - a potion of ambrosia


   Skills:
 + Level 4.8 Fighting
 - Level 4.0 Armour
 - Level 4.0 Dodging
 - Level 4.0 Stealth
 * Level 18.3 Spellcasting
 + Level 11.1 Conjurations
 - Level 1.1 Summonings
 - Level 1.1 Translocations
 + Level 8.7 Fire Magic
 - Level 1.0 Air Magic
 - Level 2.2 Earth Magic
 - Level 1.0 Poison Magic
 - Level 1.0 Evocations


You had 31 spell levels left.
You knew the following spells:

 Your Spells              Type           Power      Damage    Failure   Level
a - Magic Dart            Conj           100%       1d8       1%          1
b - Mephitic Cloud        Conj/Pois/Air  44%        N/A       1%          3
c - Call Imp              Summ           56%        N/A       3%          2
d - Blink                 Tloc           56%        N/A       3%          2
e - Foxfire               Conj/Fire      100%       2x1d9     1%          1
f - Stone Arrow           Conj/Erth      100%       3d13      1%          3
g - Flame Wave            Conj/Fire      64%        2d15      1%          4

Your spell library contained the following spells:

 Spells                   Type           Power      Damage    Failure   Level
 Slow                     Hex            88%        N/A       3%          1
 Cigotuvi's Dreadful Rot  Necr/Pois/Air  52%        N/A       3%          2
 Gell's Gravitas          Tloc           28%        N/A       6%          3
 Teleport Other           Tloc           28%        N/A       6%          3
 Manifold Assault         Tloc           28%        N/A       19%         4
 Dispersal                Tloc           14%        N/A       96%         6


Dungeon Overview and Level Annotations

Branches:
Dungeon (13/15)            Temple (1/1) D:6            Lair (0/5) D:8
    Orc (0/2) D:9         Ossuary (visited)
 Vaults: D:13-14

Altars:
Ashenzari
Cheibriados
Dithmenos
Elyvilon
Fedhas
Gozag
Hepliaklqana
Kikubaaqudgha
Makhleb
Nemelex Xobeh
Okawaru
Qazlal
Ru
Sif Muna
Trog
Uskayaw
Vehumet
Wu Jian
Xom
Yredelemnul
Zin
The Shining One

Shops:
D:3 (   D:5 !   D:6 =   D:12 (

Annotations:
D:12 2 transporters, runemasterragnar's ghost, journeyman TrSh


Message History

The freezing wraith is burned terribly!
The freezing wraith is almost destroyed.
Your cerulean imp disappears in a puff of smoke!
The freezing wraith hits you.
* * * LOW HITPOINT WARNING * * *
The freezing wraith freezes you! You resist.
* * * LOW HITPOINT WARNING * * *
The freezing wraith barely misses you. The freezing wraith closely misses you.
The freezing wraith hits you.
* * * LOW HITPOINT WARNING * * *
The freezing wraith drains your vigour!
You feel as though you will be slow longer.
Unknown command.
A wave of flame ripples out!
The flame wave engulfs the freezing wraith!!
The freezing wraith is burned terribly!
You destroy the freezing wraith!
Vehumet accepts your kill.
Unknown command.
A centaur warrior comes into view.
Casting: Flame Wave (safe; 1% risk of failure)
Confirm with . or Enter, or press ? or * to list all spells.
Aiming: Mephitic Cloud (safe; 1% risk of failure)
Press: ? - help, Shift-Dir - straight line, f - centaur warrior
Aim: a centaur warrior (wandering, hasn't noticed you, chance to affect: 53%)
The ball explodes into a vile cloud!
The stinking cloud engulfs the centaur warrior but does no damage.
The centaur warrior shouts!
You hear a shout!
The centaur warrior is engulfed in noxious fumes.
The centaur warrior appears confused.
The centaur warrior chortles and stares into space.
The centaur warrior ponders the situation.
An acid dragon comes into view.
The centaur warrior shouts, "What's happening?!"
The centaur warrior hits itself!
The centaur warrior kicks itself but does no damage.
The centaur warrior shouts, "What's happening?!"
The acid dragon spits acid at you. The splash of acid hits you!
You die...

#.# #..#
#.#########..#######
#####...................
..........................
#########.########........
#.#......#...#####
#.#......#...#####
########.#.####.#........
........@#.# .#........
######.....# .#.......#
.#######.....# .#.......#
.............# .#........
...........#.# .#........
.........c.#.######.#...##.
.########...D.......#...###
####..#####.....###
...............


You could see a centaur warrior (confused) and an acid dragon (catching breath).

Vanquished Creatures
  Josephine (D:13)
  A hydra (D:9)
  4 centaur warriors
  4 boulder beetles
  An ugly thing (D:11)
  3 cyclopes
  A manticore (D:13)
  A moth of wrath (shapeshifter) (D:13)
  An unseen horror (D:12)
  A freezing wraith (D:13)
  Psyche (D:8)
  2 hornets
  7 trolls
  A shadow (D:10)
  18 yaks
  4 wraiths
  2 basilisks
  4 vampire mosquitoes (D:13)
  3 wyverns
  2 steam dragons (D:8)
  2 acid dragons
  2 water moccasins
  5 orc warriors
  An ice beast (D:6)
  A black bear (D:7)
  A sky beast (D:7)
  10 centaurs
  2 elf zombies (D:6)
  5 kobold brigands
  A bullfrog (D:4)
  A gnoll sergeant (D:12)
  9 scorpions
  20 killer bees
  5 howler monkeys
  A human zombie (Ossuary)
  A jelly (D:8)
  11 orc priests
  A gnoll bouda (D:7)
  4 hounds
  5 iguanas
  2 human skeletons (D:6)
  A sleepcap (D:6)
  5 scorpion zombies (Ossuary)
  16 orc wizards
  2 mummies (Ossuary)
  7 gnolls
  6 adders
  3 shadow imps (D:4)
  An ufetubus (D:5)
  A worm (D:2)
  3 dart slugs
  40 orcs
  7 bats
  5 endoplasms
  3 giant cockroaches
  3 gnoll zombies (Ossuary)
  9 goblins
  7 hobgoblins
  4 jackals (D:3)
  A quokka (D:1)
  8 ball pythons
  3 frilled lizards
  4 goblin zombies (Ossuary)
  3 hobgoblin zombies (Ossuary)
  29 kobolds
  3 kobold zombies (Ossuary)
  An orc skeleton (D:6)
  3 orc zombies
  11 rats
341 creatures vanquished.

Vanquished Creatures (collateral kills)
  A scorpion zombie (Ossuary)
  A mummy (Ossuary)
  A gnoll zombie (Ossuary)
  3 foxfires
6 creatures vanquished.

Vanquished Creatures (others)
  A scorpion (Ossuary)
  743 foxfires
744 creatures vanquished.

Grand Total: 1091 creatures vanquished

Notes
Turn   | Place    | Note
-------+----------+-------------------------------------------
     0 | D:1      | pokeman the Deep Elf Hedge Wizard began the quest for the
                  | Orb.
     0 | D:1      | Reached XP level 1. HP: 10/10 MP: 7/7
   249 | D:1      | Reached XP level 2. HP: 15/15 MP: 7/9
   650 | D:1      | Reached skill level 5 in Spellcasting
   969 | D:1      | Reached XP level 3. HP: 20/20 MP: 8/11
   973 | D:1      | Learned a level 3 spell: Mephitic Cloud
   976 | D:1      | Learned a level 2 spell: Call Imp
   979 | D:1      | Learned a level 2 spell: Blink
  1232 | D:2      | Reached skill level 1 in Fighting
  1232 | D:2      | Reached skill level 1 in Armour
  1620 | D:2      | Reached XP level 4. HP: 25/25 MP: 11/13
  2437 | D:3      | Noticed a water moccasin
  2460 | D:3      | Identified the +0 sling of the Endless March {speed, Drain
                  | rPois rCorr Str+6 Int-3}
  2733 | D:3      | Found Ihetwael's Weapon Emporium.
  3085 | D:3      | Found a faded altar of an unknown god.
  3281 | D:3      | Killed a water moccasin
  3282 | D:3      | Reached skill level 6 in Spellcasting
  3282 | D:3      | Reached XP level 5. HP: 21/29 MP: 11/16
  3601 | D:4      | Found a transporter.
  3881 | D:4      | Reached XP level 6. HP: 32/34 MP: 17/17
  3917 | D:4      | Reached skill level 1 in Air Magic
  3917 | D:4      | Reached skill level 1 in Poison Magic
  4047 | D:4      | Found a transporter.
  4090 | D:4      | Reached skill level 7 in Spellcasting
  4713 | D:5      | Entered Level 5 of the Dungeon
  4718 | D:5      | Found a stormy altar of Qazlal.
  4755 | D:5      | Identified the orb of Ciuff {guile, rPois Str+2}
  4785 | D:5      | Reached skill level 1 in Evocations
  4945 | D:5      | Noticed a water moccasin
  4975 | D:5      | Killed a water moccasin
  4976 | D:5      | Reached XP level 7. HP: 38/38 MP: 15/20
  5043 | D:5      | Reached skill level 8 in Spellcasting
  5335 | D:5      | Found Ugoiwnun's Distillery.
  5340 | D:5      | Bought a potion of curing for 33 gold pieces
  5379 | D:5      | Found a burning altar of Makhleb.
  5579 | D:6      | Found Rurotz's Jewellery Boutique.
  5611 | D:6      | Found a staircase to the Ecumenical Temple.
  5625 | Temple   | Entered the Ecumenical Temple
  5644 | Temple   | Became a worshipper of Vehumet
  5695 | D:6      | Noticed a hornet
  5788 | D:6      | Found a sand-covered staircase.
  5804 | Ossuary  | Entered an ossuary
  5866 | Ossuary  | Reached skill level 9 in Spellcasting
  6212 | Ossuary  | Reached XP level 8. HP: 42/43 MP: 13/23
  6215 | Ossuary  | Reached skill level 5 in Conjurations
  6248 | Ossuary  | Reached * piety under Vehumet
  6248 | Ossuary  | Offered knowledge of Foxfire by Vehumet.
  6253 | Ossuary  | Reached skill level 10 in Spellcasting
  6255 | Ossuary  | Learned a level 1 spell: Foxfire
  6795 | D:6      | Reached skill level 11 in Spellcasting
  6968 | D:6      | Paralysed by a hornet for 2 turns
  6973 | D:6      | Killed a hornet
  7138 | D:6      | Reached skill level 12 in Spellcasting
  7169 | D:6      | Reached XP level 9. HP: 45/47 MP: 27/27
  7732 | D:7      | Reached skill level 1 in Fire Magic
  8228 | D:7      | Offered knowledge of Static Discharge by Vehumet.
  8252 | D:7      | Reached ** piety under Vehumet
  8301 | D:7      | Reached skill level 13 in Spellcasting
  8752 | D:8      | Noticed Psyche
  8759 | D:8      | Killed Psyche
  8826 | D:8      | Found a staircase to the Lair.
  9330 | D:8      | Reached XP level 10. HP: 35/54 MP: 21/29
  9363 | D:8      | Reached skill level 14 in Spellcasting
 10509 | D:9      | Noticed a seven-headed hydra
 10514 | D:9      | Reached skill level 5 in Fire Magic
 10695 | D:9      | Offered knowledge of Stone Arrow by Vehumet.
 10702 | D:9      | Found a staircase to the Orcish Mines.
 10727 | D:9      | Learned a level 3 spell: Stone Arrow
 10889 | D:9      | Reached skill level 1 in Earth Magic
 10891 | D:9      | Reached skill level 15 in Spellcasting
 11141 | D:9      | HP: 2/56 [seven-headed hydra (7)]
 11144 | D:9      | Killed a seven-headed hydra
 11385 | D:9      | Reached *** piety under Vehumet
 11514 | D:10     | Entered Level 10 of the Dungeon
 11663 | D:10     | Reached XP level 11. HP: 60/60 MP: 26/32
 11689 | D:10     | Found a hazy altar of Hepliaklqana.
 11864 | D:10     | Offered knowledge of Ignite Poison by Vehumet.
 12849 | D:11     | Noticed a boulder beetle
 12863 | D:11     | Killed a boulder beetle
 12864 | D:11     | Reached skill level 16 in Spellcasting
 12989 | D:11     | Noticed a red ugly thing
 13005 | D:11     | Killed a red ugly thing
 13523 | D:11     | Noticed a centaur warrior
 14520 | D:11     | Killed a centaur warrior
 14645 | D:11     | Reached skill level 10 in Conjurations
 14723 | D:12     | Found Pogewnil's Weapon Boutique.
 14750 | D:12     | Reached skill level 17 in Spellcasting
 14817 | D:12     | Reached **** piety under Vehumet
 14967 | D:12     | Noticed a boulder beetle
 14982 | D:12     | Killed a boulder beetle
 15255 | D:12     | Noticed a boulder beetle
 15272 | D:12     | Killed a boulder beetle
 15273 | D:12     | Reached XP level 12. HP: 33/66 MP: 12/35
 15410 | D:12     | Identified the ring of the Jester {rPois rF+ Dex+2}
 15465 | D:12     | Found a transporter.
 15465 | D:12     | Found a transporter.
 15504 | D:12     | Noticed runemasterragnar's ghost (journeyman TrSh)
 15771 | D:13     | Offered knowledge of Flame Wave by Vehumet.
 15788 | D:13     | Learned a level 4 spell: Flame Wave
 15801 | D:13     | Noticed a centaur warrior
 15918 | D:13     | Killed a centaur warrior
 16074 | D:13     | Noticed a catoblepas
 16461 | D:13     | Noticed a boulder beetle
 16479 | D:13     | Killed a boulder beetle
 16626 | D:13     | Noticed a centaur warrior
 16636 | D:13     | Killed a centaur warrior
 16873 | D:13     | Noticed Josephine
 16874 | D:13     | Noticed a centaur warrior
 16881 | D:13     | Killed Josephine
 16882 | D:13     | Reached skill level 18 in Spellcasting
 16882 | D:13     | Killed a centaur warrior
 17053 | D:13     | Noticed a centaur warrior
 17059 | D:13     | Killed from afar by an acid dragon

Illustrated notes

Levels and vault maps discovered:
D:1:      tarquinn_simple_flora_water_a, layout_basic
D:2:      layout_basic
D:3:      layout_loops_corners, serial_shops, nicolae_shop_bloodbath_and_beyond,
          shapermc_ecumenical_altar_venn
D:4:      gammafunk_wand_slinger, layout_basic, hangedman_glass_teeth,
          chequers_arboretum
D:5:      layout_loops_ring, mainiacjoe_overflow_catch_the_wave, serial_shops,
          shop
D:6:      layout_loops_cross, minmay_temple_entry_trees,
          nicolae_ossuary_entry_catacombs, serial_shops, shop
D:7:      layout_loops_cross
D:8:      layout_rooms, dpeg_oklobed_lair, uniq_psyche
D:9:      layout_stronghold, minmay_orc_entry_temple_small, glass_columns_b
D:10:     layout_basic, mainiacjoe_overflow_boulevard, minmay_misc_feat_encased
D:11:     layout_long_grid
D:12:     layout_rooms, serial_shops, nicolae_stop_n_shop_2,
          gammafunk_ghost_hive, nicolae_letterblocks [nicolae_letter_subblock,
          nicolae_letter_subblock, nicolae_letter_subblock,
          nicolae_letter_subblock, nicolae_letter_subblock,
          nicolae_letter_subblock, nicolae_letter_subblock,
          nicolae_letter_subblock, nicolae_letter_subblock,
          nicolae_letter_subblock, nicolae_letter_subblock,
          nicolae_letter_subblock, nicolae_letter_subblock,
          nicolae_letter_subblock, nicolae_letter_subblock,
          nicolae_letter_subblock, nicolae_letter_subblock,
          nicolae_letter_subblock, nicolae_letter_subblock,
          nicolae_letter_subblock, nicolae_letter_subblock,
          nicolae_letter_subblock, nicolae_letter_subblock,
          nicolae_letter_subblock, nicolae_letter_subblock]
D:13:     layout_long_grid, david_vaults_4, hangedman_abyss_or_decor_stagger,
          kennysheep_generic_room_13, uniq_josephine, uniq_maurice
Temple:   nicolae_temple_bog_church

Skill      XL: |  1  2  3  4  5  6  7  8  9 10 11 12 |
---------------+-------------------------------------+-----
Spellcasting   | 5 6 7 9 12 13 15 17 18 | 18.3
Fighting       | 1 2 3 4 |  4.8
Armour         | 1 2 4 |  4.0
Conjurations   | 2 3 4 6 8 9 10 11 | 11.1
Dodging        | 3 4 |  4.0
Stealth        | 3 4 |  4.0
Air Magic      | 1 |  1.0
Poison Magic   | 1 |  1.0
Evocations     | 1 |  1.0
Fire Magic     | 4 5 7 8 |  8.7
Earth Magic    | 2 |  2.2
Summonings     | |  1.1
Translocations | |  1.1

Action                     |  1- 3 |  4- 6 |  7- 9 | 10-12 || total
---------------------------+-------+-------+-------+-------++-------
  Melee: Dagger            |     3 |       |       |       ||     3
         Hand axe          |    17 |    31 |   105 |    44 ||   197
         Punch             |       |     1 |     3 |       ||     4
         Whip              |       |       |    10 |    21 ||    31
   Cast: Magic Dart        |    83 |   130 |    79 |     7 ||   299
         Mephitic Cloud    |     2 |     5 |    25 |    48 ||    80
         Call Imp          |     1 |     3 |     5 |     2 ||    11
         Foxfire           |       |       |   254 |   162 ||   416
         Blink             |       |       |     3 |     3 ||     6
         Stone Arrow       |       |       |       |   154 ||   154
         Flame Wave        |       |       |       |     7 ||     7
   Stab: Sleeping          |     3 |     2 |     1 |       ||     6
         Confused          |       |     2 |     8 |     9 ||    19
         Paralysed         |       |       |     1 |       ||     1
 Armour: Robe              |     2 |     1 |       |       ||     3
         Leather armour    |       |    16 |    85 |    50 ||   151
  Dodge: Dodged            |    12 |    41 |   146 |    80 ||   279

Table legend: (Time is in decaauts)
 A = Elapsed time spent in this place.
 B = Non-inter-level travel time spent in this place.
 C = Inter-level travel time spent in this place.
 D = Time resting spent in this place.
 E = Time spent auto-exploring this place.
 F = Levels seen in this place.
 G = Mean time per level.
                   A        B        C        D        E       F      G
               +--------+--------+--------+--------+--------+-----+--------+
         Total |  17141 |  16554 |    587 |   1316 |  12536 |  15 | 1142.7 |
       Dungeon |  16133 |  15581 |    552 |   1202 |  11964 |  13 | 1241.0 |
        Temple |     37 |      2 |     35 |      0 |      0 |   1 |   37.0 |
       Ossuary |    969 |    969 |      0 |    114 |    572 |   1 |  969.0 |
               +--------+--------+--------+--------+--------+-----+--------+

Top non-repeatable levels by time:
    D:11: 1712 daAuts
     D:9: 1670 daAuts
    D:10: 1498 daAuts
    D:12: 1352 daAuts
     D:6: 1263 daAuts
     D:2: 1253 daAuts
     D:3: 1218 daAuts
     D:7: 1204 daAuts
     D:1: 1135 daAuts
     D:4: 1119 daAuts
    D:13: 1009 daAuts
 Ossuary: 969 daAuts
     D:5: 862 daAuts
     D:8: 832 daAuts
  Temple: 37 daAuts
